Map: Port Aleksander LE

Players

Grimreaper - Winner!

  • Race: Protoss Protoss
  • Spawn Location: 11:00

VOD

Have the link to the VOD?

Description

Time

  • Played on: Jan. 19, 2019, 12:57 a.m.
  • Length: 12:50
Show
View Real Time Build Order
Export as new Build Order

Grimreaper Protoss - Winner!

Build Orders:  

Get SALT Encoding   

  1  0:00  Probe (Chrono Boost)  
  13  0:10  Probe (Chrono Boost)  
  14  0:30  Pylon  
  14  0:34  Probe (Chrono Boost)  
  15  0:53  Pylon  
  15  0:57  Probe (Chrono Boost)  
  16  1:14  Probe (Chrono Boost)  
  17  1:22  Gateway  
  18  1:31  Probe (Chrono Boost)  
  18  1:33  Forge  
  18  1:53  Assimilator  
  18  1:59  Assimilator  
  18  2:29  Nexus  
  18  2:44  Zealot  
  18  2:45  Pylon  
  19  3:13  Zealot  
  19  3:16  Probe (Chrono Boost)  
  20  3:28  Cybernetics Core  
  22  3:31  Probe (Chrono Boost)  
  23  3:42  Probe (Chrono Boost)  
  24  3:51  Photon Cannon, Zealot  
  24  3:54  Probe (Chrono Boost)  
  27  4:07  Probe (Chrono Boost)  
  27  4:19  Probe (Chrono Boost)  
  29  4:20  Probe (Chrono Boost)  
  30  4:32  Probe (Chrono Boost)  
  30  4:37  Probe (Chrono Boost)  
  32  4:48  Probe (Chrono Boost)  
  33  4:51  Photon Cannon  
  33  4:59  Probe (Chrono Boost)  
  33  5:07  Probe (Chrono Boost)  
  35  5:11  Probe (Chrono Boost)  
  36  5:24  Probe (Chrono Boost)  
  36  5:26  Probe (Chrono Boost)  
  39  5:40  Photon Cannon  
  39  5:41  Probe (Chrono Boost)  
  39  5:43  Probe (Chrono Boost)  
  39  5:47  Stalker  
  42  5:58  Probe (Chrono Boost)  
  44  6:00  Probe (Chrono Boost)  
  44  6:11  Shield Battery  
  44  6:12  Shield Battery  
  44  6:15  Probe (Chrono Boost)  
  44  6:17  Probe (Chrono Boost)  
  46  6:23  Warp Gate  
  46  6:28  Stalker  
  48  6:39  Pylon  
  48  6:42  Pylon  
  48  6:46  Probe (Chrono Boost)  
  48  6:47  Pylon  
  49  6:51  Pylon  
  49  6:53  Assimilator  
  49  6:56  Assimilator  
  49  6:58  Probe (Chrono Boost)  
  49  7:09  Probe (Chrono Boost)  
  50  7:13  Probe (Chrono Boost)  
  50  7:15  Protoss Ground Weapons Level 1  
  52  7:24  Probe (Chrono Boost)  
  54  7:30  Probe (Chrono Boost)  
  54  7:38  Gateway  
  54  7:41  Gateway  
  54  7:45  Gateway  
  54  7:47  Probe (Chrono Boost)  
  54  7:49  Gateway  
  55  7:51  Gateway  
  55  7:54  Gateway  
  47  9:18  Nexus  
  47  9:21  Pylon  
  47  9:28  Stalker x3  
  47  9:29  Stalker x3  
  59  9:33  Stalker  
  61  9:54  Protoss Ground Armor Level 1  
  61  9:58  Assimilator  
  61  10:03  Assimilator  
  61  10:04  Probe (Chrono Boost)  
  61  10:08  Probe (Chrono Boost)  
  63  10:17  Sentry  
  63  10:18  Sentry  
  63  10:19  Nexus  
  68  10:20  Stalker x2  
  68  10:21  Probe (Chrono Boost)  
  68  10:22  Zealot  
  68  10:23  Zealot  
  68  10:25  Probe (Chrono Boost)  
  68  10:27  Zealot  
  79  10:38  Probe (Chrono Boost)  
  80  10:42  Probe (Chrono Boost)  
  81  10:54  Probe (Chrono Boost)  
  81  10:59  Probe (Chrono Boost)  
  84  11:11  Probe (Chrono Boost)  
  84  11:16  Probe (Chrono Boost)  
Tags
 
Add a new tag
Caveats
  • Supply blocks, unpowered buildings, or Contaminate may cause inaccurate times.
  • Supply counts are checked every 10 seconds.